[Event "Titled Tuesday Blitz March 22 Early 2022"]
[White "Olsen, Filip Boe"]
[Black "Fathy, Elameir"]
[WhiteFideId "1440640"]
[BlackFideId "10600396"]
[WhiteElo "2188"]
[BlackElo "2311"]
[Result "1/2-1/2"]
[Round "06"]
[TimeControl "180+1"]
[Date "2022.03.22"]
[WhiteClock "0:02:02"]
[BlackClock "0:01:22"]

1. d4 d5 2. c4 c6 3. cxd5 cxd5 4. Nc3 Nf6 5. Bf4 Nc6 6. e3 a6 7. Bd3 Bg4 8. Nge2 e6 9. O-O Bd6 10. f3 Bh5 11. Rc1 Bg6 12. Na4 O-O 13. Nc5 Bxf4 14. Nxf4 Bxd3 15. Nfxd3 Qe7 16. Rc3 Rac8 17. Qc2 e5 18. dxe5 Nxe5 19. Nxe5 Qxe5 20. Nxb7 Qxe3+ 21. Rxe3 Rxc2 22. Rf2 Rc1+ 23. Rf1 Rc2 24. Rf2 Rc1+ 25. Rf1 Rc2 1/2-1/2


[Site "https://www.chess.com"]

[Event "Titled Tuesday Blitz March 22 Early 2022"]
[White "Orlov, Georgi"]
[Black "Buscar, Michael"]
[WhiteFideId "2011271"]
[BlackFideId "2603616"]
[WhiteElo "2544"]
[BlackElo "2010"]
[Result "1-0"]
[Round "06"]
[TimeControl "180+1"]
[Date "2022.03.22"]
[WhiteClock "0:00:13"]
[BlackClock "0:00:02"]

1. d4 d5 2. Nf3 Nf6 3. Bf4 e6 4. e3 a6 5. Nbd2 c5 6. c3 Nc6 7. Bd3 Ne7 8. Ne5 Ng6 9. Bg3 Be7 10. h4 Nxe5 11. dxe5 Nd7 12. Qg4 Bf8 13. h5 h6 14. f4 Qb6 15. O-O-O c4 16. Bc2 Qxe3 17. Rde1 Qb6 18. f5 Nc5 19. f6 gxf6 20. exf6 Bd7 21. Nf3 O-O-O 22. Qf4 Ba4 23. Bb1 Bd6 24. Ne5 Nd7 25. Qh4 Nxe5 26. Bxe5 Bxe5 27. Rxe5 Rhg8 28. Re2 Kb8 29. Qf4+ Ka7 30. Qxh6 d4 31. Qf4 Ka8 32. h6 dxc3 33. bxc3 Bc6 34. h7 Rh8 35. Rd2 Rxd2 36. Qxd2 Qa5 37. Rd1 Bd5 38. Qb2 Qc5 39. Rd4 Qd6 40. Qf2 Qa3+ 41. Qb2 Qc5 42. Qb4 Qc7 43. Bc2 Qh2 44. Qe7 Rxh7 45. Qf8+ Ka7 46. Qc5+ Ka8 47. Bxh7 Qxh7 48. Rg4 Qh6+ 49. Kc2 Qh7+ 50. Kb2 Qh8 51. Ka3 Qe8 52. Rg7 Bc6 53. Qe7 Qc8 54. Rxf7 Ka7 55. Qc5+ Kb8 56. Rf8 1-0


[Site "https://www.chess.com"]

[Event "Titled Tuesday Blitz March 22 Early 2022"]
[White "Osmonbekov, Talaibek"]
[Black "Kuzmin, Roman"]
[WhiteFideId "2017253"]
[BlackFideId "44134932"]
[WhiteElo "2135"]
[BlackElo "1978"]
[Result "1/2-1/2"]
[Round "06"]
[TimeControl "180+1"]
[Date "2022.03.22"]
[WhiteClock "0:00:06"]
[BlackClock "0:00:30"]

1. d4 Nf6 2. Nc3 e6 3. e4 d5 4. e5 Nfd7 5. Nce2 c5 6. c3 Nc6 7. Nf3 Qb6 8. g3 cxd4 9. cxd4 Bb4+ 10. Bd2 O-O 11. Bg2 Na5 12. b3 Bxd2+ 13. Qxd2 Qd8 14. O-O b5 15. Rfc1 Bb7 16. Rc2 Nc6 17. Rac1 Qb6 18. a3 a5 19. Qd3 h6 20. Bf1 Rfc8 21. Nf4 Ba6 22. Qe3 b4 23. Bxa6 Qxa6 24. a4 Ne7 25. g4 g6 26. h4 Rxc2 27. Rxc2 Rc8 28. Qc1 Rxc2 29. Qxc2 Qc6 30. Qxc6 Nxc6 31. g5 h5 32. Kf1 Ne7 33. Ke2 Nf5 34. Kd3 Nb8 35. Ne2 Nc6 36. Ng3 Nfe7 37. Ne2 Kf8 38. Ng3 Ke8 39. Ne2 Kd7 40. Ng3 Nc8 41. Ne2 Nb6 42. Ng3 Ke7 43. Ne2 Na7 44. Nf4 Nac8 45. Ne2 Nxa4 46. bxa4 Nb6 47. Nc1 Nxa4 48. Nb3 Nb2+ 49. Kc2 Nc4 50. Nfd2 a4 51. Nxc4 axb3+ 52. Kxb3 dxc4+ 53. Kxc4 Kd7 54. Kxb4 Kc6 55. Kc4 Kc7 56. d5 exd5+ 57. Kxd5 Kd7 58. f4 Ke7 59. Kd4 Kd7 60. Kd5 Ke7 61. Kd4 Kd7 62. Kd5 1/2-1/2


[Site "https://www.chess.com"]

[Event "Titled Tuesday Blitz March 22 Early 2022"]
[White "Perera Alfonso, Rene Humberto"]
[Black "Deac, Bogdan-Daniel"]
[WhiteFideId "3514722"]
[BlackFideId "1226380"]
[WhiteElo "2313"]
[BlackElo "2646"]
[Result "0-1"]
[Round "06"]
[TimeControl "180+1"]
[Date "2022.03.22"]
[WhiteClock "0:00:04"]
[BlackClock "0:00:19"]

1. e4 c5 2. Nf3 Nc6 3. d4 cxd4 4. Nxd4 Nf6 5. Nc3 e5 6. Ndb5 d6 7. Bg5 a6 8. Na3 Be6 9. Nc4 Rb8 10. a4 Nb4 11. a5 Be7 12. Be2 d5 13. exd5 Nfxd5 14. Bxe7 Qxe7 15. O-O Nxc3 16. bxc3 Rd8 17. Qc1 Nc6 18. Qe3 Qc7 19. Rfe1 O-O 20. Nb6 Rd6 21. Bf3 f6 22. c4 Nd4 23. Rac1 Nxf3+ 24. Qxf3 Rfd8 25. h3 Qc6 26. Qxc6 Rxc6 27. Rcd1 Re8 28. Rd2 Rc5 29. Rd6 Rxa5 30. Rb1 Rc5 31. f3 Kf7 32. Nd5 Bc8 33. Rb4 a5 34. Ra4 Re6 35. Rxe6 Bxe6 36. Ne3 f5 37. Kf2 f4 38. Ng4 h5 39. Nh2 b6 0-1


[Site "https://www.chess.com"]

[Event "Titled Tuesday Blitz March 22 Early 2022"]
[White "Petrosyan, Manuel"]
[Black "Hnydiuk, Aleksander"]
[WhiteFideId "13300857"]
[BlackFideId "1109057"]
[WhiteElo "2592"]
[BlackElo "2374"]
[Result "1-0"]
[Round "06"]
[TimeControl "180+1"]
[Date "2022.03.22"]
[WhiteClock "0:00:44"]
[BlackClock "0:00:21"]

1. c4 Nf6 2. g3 g6 3. Bg2 Bg7 4. Nc3 O-O 5. d4 d6 6. Nf3 Nc6 7. O-O e5 8. dxe5 dxe5 9. Bg5 Be6 10. Qc1 Qc8 11. Rd1 Nd7 12. b3 f5 13. Bh6 e4 14. Bxg7 Kxg7 15. Ng5 Bg8 16. Qb2 Nde5 17. f4 exf3 18. exf3 h6 19. Nh3 Kh7 20. Nd5 Rf7 21. Nf2 Qf8 22. f4 Ng4 23. Nxg4 fxg4 24. Re1 Qc5+ 25. Kh1 Raf8 26. Rad1 Nb4 27. Nc3 c6 28. a3 Na6 29. b4 Qxc4 30. Bf1 1-0


[Site "https://www.chess.com"]

[Event "Titled Tuesday Blitz March 22 Early 2022"]
[White "Piliczewski, Bogusz"]
[Black "Schrik, Rachid"]
[WhiteFideId "1104144"]
[BlackFideId "1009818"]
[WhiteElo "1896"]
[BlackElo "2070"]
[Result "0-1"]
[Round "06"]
[TimeControl "180+1"]
[Date "2022.03.22"]
[WhiteClock "0:00:01"]
[BlackClock "0:00:10"]

1. d4 Nf6 2. Nf3 e6 3. Bf4 b6 4. e3 Bb7 5. Be2 Be7 6. O-O O-O 7. h3 c5 8. c3 d5 9. Nbd2 Nc6 10. Ne5 Nxe5 11. Bxe5 cxd4 12. exd4 a6 13. a4 Bd6 14. f4 Ne4 15. Bd3 f6 16. Bxd6 Qxd6 17. Bxe4 dxe4 18. Qe2 e5 19. Nxe4 Qd5 20. Rae1 exd4 21. Qd3 dxc3 22. Qxd5+ Bxd5 23. Nxc3 Bc4 24. Rf2 Rfe8 25. Re4 b5 26. Rd2 Rxe4 27. Nxe4 bxa4 28. Rd4 Bb3 29. Nc5 Rc8 30. Nxa4 Rc1+ 31. Kh2 Rc2 32. Rb4 Bd5 33. Nc3 Rxg2+ 34. Kh1 Rd2+ 35. Nxd5 Rxd5 36. Rb7 Rb5 37. Ra7 a5 38. b3 Rxb3 39. Rxa5 Rxh3+ 40. Kg2 Re3 41. Kf2 Re7 42. Kf3 g6 43. Kg4 Kg7 44. Rb5 h5+ 45. Kf3 Re6 46. f5 Re5 47. Rb7+ Kh6 48. fxg6 Kxg6 49. Rb8 Ra5 50. Kf4 Ra4+ 0-1


[Site "https://www.chess.com"]

[Event "Titled Tuesday Blitz March 22 Early 2022"]
[White "Pinheiro, Iung Alicio de O."]
[Black "Toncheva, Nadya"]
[WhiteFideId "2104350"]
[BlackFideId "2924056"]
[WhiteElo "2528"]
[BlackElo "1884"]
[Result "0-1"]
[Round "06"]
[TimeControl "180+1"]
[Date "2022.03.22"]
[WhiteClock "0:00:06"]
[BlackClock "0:00:04"]

1. c4 c6 2. g3 d5 3. Bg2 dxc4 4. Na3 Nf6 5. Nxc4 Bf5 6. b3 Nbd7 7. Bb2 Qc7 8. Nf3 e6 9. O-O Be7 10. Rc1 O-O 11. d3 h6 12. a3 Rfd8 13. b4 Rac8 14. Na5 Qb6 15. Nd2 Qa6 16. Qb3 Nb6 17. Nf3 c5 18. Ne5 cxb4 19. Bxb7 Qxa5 20. Bxc8 Rxc8 21. Nc6 Rxc6 22. Rxc6 bxa3 23. Ra1 Bh3 24. Bc3 Qh5 25. f3 Bc5+ 26. d4 Qe5 27. dxc5 Qe3+ 28. Kh1 Ne4 29. Rf1 Qxe2 30. Rc8+ Kh7 31. Rh8+ Kxh8 32. Qd1 Nf2+ 33. Rxf2 Qxd1+ 34. Be1 Qxe1+ 35. Rf1 Qxf1# 0-1


[Site "https://www.chess.com"]

[Event "Titled Tuesday Blitz March 22 Early 2022"]
[White "Popadic, Dragan"]
[Black "Omariev, Maksim"]
[WhiteFideId "913650"]
[BlackFideId "4193423"]
[WhiteElo "2222"]
[BlackElo "2513"]
[Result "0-1"]
[Round "06"]
[TimeControl "180+1"]
[Date "2022.03.22"]
[WhiteClock "0:00:01"]
[BlackClock "0:00:07"]

1. e4 c5 2. Nc3 d6 3. f4 Nc6 4. Nf3 g6 5. Bc4 Bg7 6. d3 e6 7. O-O Nge7 8. Qe1 h6 9. Bb3 a6 10. a4 b6 11. Ne2 Bd7 12. c3 b5 13. Kh1 d5 14. exd5 exd5 15. d4 c4 16. Bc2 O-O 17. Ne5 b4 18. Nxd7 Qxd7 19. Qh4 b3 20. Bb1 f5 21. Ng1 Nc8 22. Nf3 Nd6 23. Ne5 Qe8 24. Qg3 Kh7 25. Bd2 Nb7 26. Qh3 Nbd8 27. g4 Qe6 28. gxf5 gxf5 29. Rg1 Ne7 30. Be1 Nf7 31. Bh4 Nd6 32. a5 Bf6 33. Bg5 Bxg5 34. fxg5 Rg8 35. Ra4 Rg7 36. Rb4 Nb5 37. g6+ Kg8 38. Qxh6 Rf8 39. Rxb5 axb5 40. a6 Qxa6 41. Qh4 Qf6 42. Qh5 Qe6 0-1


[Site "https://www.chess.com"]

[Event "Titled Tuesday Blitz March 22 Early 2022"]
[White "Pranav, V"]
[Black "Vakhlamov, Igor L."]
[WhiteFideId "25060783"]
[BlackFideId "24126748"]
[WhiteElo "2349"]
[BlackElo "2401"]
[Result "0-1"]
[Round "06"]
[TimeControl "180+1"]
[Date "2022.03.22"]
[WhiteClock "0:00:05"]
[BlackClock "0:00:08"]

1. e4 c5 2. Nf3 Nc6 3. Bb5 Nf6 4. e5 Nd5 5. O-O Nc7 6. Bc4 d5 7. exd6 Qxd6 8. Nc3 Bf5 9. d3 e6 10. Re1 Be7 11. a4 a6 12. Ne2 Nd5 13. Ng3 Bg6 14. h4 h6 15. h5 Bh7 16. a5 O-O 17. Ne4 Qc7 18. Bd2 Rad8 19. c3 Nf4 20. Bxf4 Qxf4 21. Qe2 Ne5 22. Nxe5 Qxe5 23. Qf3 Qf5 24. Qe2 Rd7 25. Rab1 Rfd8 26. b4 cxb4 27. cxb4 Qf4 28. b5 axb5 29. Rxb5 Rd4 30. Rxb7 Bxe4 31. Rxe7 Bxg2 32. Qe5 Qg4 33. Qg3 Qxh5 34. Kxg2 Rg4 35. a6 Rxg3+ 36. fxg3 Qc5 37. Rb7 h5 38. Reb1 h4 39. gxh4 Rd4 40. Kf3 Rxh4 41. a7 Qf5+ 42. Ke2 Rh2+ 43. Ke3 Qe5+ 44. Kf3 Rh3+ 45. Kg2 Qg3+ 46. Kf1 Rh1+ 47. Ke2 Rh2+ 48. Kd1 Qg1# 0-1


[Site "https://www.chess.com"]

[Event "Titled Tuesday Blitz March 22 Early 2022"]
[White "Prohorov, Olexandr"]
[Black "Winkels, Marcel"]
[WhiteFideId "14105578"]
[BlackFideId "1003887"]
[WhiteElo "1993"]
[BlackElo "1900"]
[Result "1-0"]
[Round "06"]
[TimeControl "180+1"]
[Date "2022.03.22"]
[WhiteClock "0:01:17"]
[BlackClock "0:00:16"]

1. Nf3 Nf6 2. c4 e6 3. Nc3 c5 4. d4 cxd4 5. Nxd4 d5 6. cxd5 exd5 7. Bg5 Be7 8. g3 Nc6 9. Bg2 O-O 10. O-O h6 11. Bf4 Re8 12. Rc1 a6 13. Nxc6 bxc6 14. Na4 Bd6 15. Rxc6 Bxf4 16. gxf4 Bd7 17. Rc1 Bb5 18. Nc3 d4 19. Nxb5 axb5 20. Bxa8 Qxa8 21. Qxd4 Rxe2 22. Rfe1 Qf3 23. Rxe2 Qxe2 24. Qe3 Qg4+ 25. Kf1 Kh7 26. h3 Qf5 27. Rd1 Nd5 28. Qd3 Qxd3+ 29. Rxd3 Nxf4 30. Rb3 Nxh3 31. Rxb5 Ng5 32. a4 Ne6 33. a5 Nc7 34. Rb7 Na6 35. Rb6 Nc5 36. a6 1-0


[Site "https://www.chess.com"]

[Event "Titled Tuesday Blitz March 22 Early 2022"]
[White "Rodrigue-Lemieux, Shawn"]
[Black "Vasquez Schroeder, Rodrigo"]
[WhiteFideId "2620049"]
[BlackFideId "3400042"]
[WhiteElo "1763"]
[BlackElo "2561"]
[Result "0-1"]
[Round "06"]
[TimeControl "180+1"]
[Date "2022.03.22"]
[WhiteClock "0:00:03"]
[BlackClock "0:01:04"]

1. c4 c5 2. g3 g6 3. Bg2 Bg7 4. Nc3 Nc6 5. Nf3 d6 6. O-O e6 7. e3 Nge7 8. d4 O-O 9. dxc5 dxc5 10. Qc2 a6 11. Rd1 Qc7 12. a3 b6 13. b3 Bb7 14. Bb2 Rad8 15. Ne4 f6 16. Rxd8 Nxd8 17. Rd1 Bc6 18. h4 h5 19. a4 a5 20. Bc3 Nf5 21. Ne1 Nb7 22. Nd3 e5 23. Bb2 Rd8 24. Nc3 Ne7 25. Kh2 Bxg2 26. Kxg2 Qc6+ 27. e4 Nd6 28. Nd5 Nxd5 29. cxd5 Qb7 30. Qe2 Qa6 31. Kh2 Rc8 32. f4 c4 33. bxc4 Qxc4 34. fxe5 fxe5 35. Re1 Qxa4 36. Kh1 Rc2 37. Qf3 Qe8 38. Rf1 Nc4 39. Bc1 Qd7 40. Kg1 a4 41. Nb4 Nd2 42. Qd3 Rxc1 43. Rxc1 Nb3 44. Rc6 Bf8 45. Qb5 Bc5+ 46. Kg2 Qg4 47. Nc2 Qxe4+ 48. Kh2 Qxc2+ 49. Kh3 Qf5+ 50. Kg2 Nd4 0-1


[Site "https://www.chess.com"]

[Event "Titled Tuesday Blitz March 22 Early 2022"]
[White "Ronka, Erik"]
[Black "Rostovtsev, Dmitry"]
[WhiteFideId "505080"]
[BlackFideId "34278320"]
[WhiteElo "2264"]
[BlackElo "2359"]
[Result "1-0"]
[Round "06"]
[TimeControl "180+1"]
[Date "2022.03.22"]
[WhiteClock "0:00:46"]
[BlackClock "0:00:02"]

1. e4 c5 2. Nf3 Nc6 3. d4 cxd4 4. Nxd4 Nf6 5. Nc3 e5 6. Ndb5 d6 7. Bg5 a6 8. Na3 b5 9. Bxf6 gxf6 10. Nd5 Bg7 11. Bd3 Ne7 12. Nxe7 Qxe7 13. O-O O-O 14. Qh5 Bb7 15. c4 bxc4 16. Nxc4 d5 17. Ne3 dxe4 18. Nf5 Qe6 19. Qg4 Qxf5 20. Qxf5 exd3 21. Qxd3 Bc6 22. Rac1 Bb5 23. Qf5 Bxf1 24. Kxf1 Rfd8 25. g3 Rab8 26. b3 h6 27. Rc4 Rd1+ 28. Kg2 Rdd8 29. Rc7 Rd2 30. Rc8+ Rxc8 31. Qxc8+ Kh7 32. Qxa6 f5 33. a4 e4 34. Qb5 Kg6 35. Qa5 e3 36. Qb6+ Bf6 37. Qxe3 Ra2 38. h3 Rb2 39. g4 fxg4 40. hxg4 Ra2 41. Qe4+ Kg7 42. Qd5 Bh4 43. Qd4+ Bf6 44. Qc5 Rb2 45. a5 Rd2 46. a6 Bd4 47. Qf5 Ba7 48. Qe5+ 1-0


[Site "https://www.chess.com"]

[Event "Titled Tuesday Blitz March 22 Early 2022"]
[White "Rosenberg, Evan S"]
[Black "Tanenbaum, Zachary"]
[WhiteFideId "2019299"]
[BlackFideId "2060850"]
[WhiteElo "2291"]
[BlackElo "2168"]
[Result "0-1"]
[Round "06"]
[TimeControl "180+1"]
[Date "2022.03.22"]
[WhiteClock "0:00:15"]
[BlackClock "0:00:11"]

1. d4 d5 2. c4 Bf5 3. cxd5 Bxb1 4. Qa4+ c6 5. Rxb1 Qxd5 6. Nf3 Nd7 7. a3 Ngf6 8. e3 e6 9. Bd3 Nc5 10. Qc2 Nxd3+ 11. Qxd3 Bd6 12. h3 O-O 13. O-O e5 14. Qf5 e4 15. Qxd5 cxd5 16. Nd2 Rac8 17. f3 Rc2 18. fxe4 Nxe4 19. Nxe4 dxe4 20. b4 Bg3 21. Rb2 Rfc8 22. Rxc2 Rxc2 23. Rd1 Kf8 24. Bd2 b5 25. Kf1 Ra2 26. Ke2 Rxa3 27. Rc1 Ke7 28. Rc5 a6 29. Rg5 Bd6 30. Rxg7 Ra2 31. Kd1 Rb2 32. Kc1 Ra2 33. Rxh7 Ra1+ 34. Kb2 Rg1 35. g4 Rg2 36. Kc1 Ke6 37. Rh8 Bg3 38. Rh6+ Kd5 39. Rxa6 Kc4 40. Ra3 Rh2 41. Rc3+ Kxb4 42. Rc2+ Kb3 43. Rb2+ Kc4 44. Rc2+ Kd3 45. Rc3+ Ke2 46. Rc2 Kf3 47. Bb4 Rxh3 48. g5 Kxe3 49. Bd2+ Kxd4 50. Bc3+ Kd5 51. Rd2+ Ke6 52. Bb4 Bf4 53. Kd1 Bxd2 54. Bxd2 Kf5 55. g6 fxg6 56. Kc2 g5 57. Bc3 g4 58. Kb3 g3 59. Kb4 g2 60. Kxb5 Rxc3 61. Kb4 Rd3 62. Kc4 g1=Q 63. Kb5 Qf2 64. Ka6 Qc2 65. Ka5 Rb3 66. Ka4 Qa2# 0-1


[Site "https://www.chess.com"]

[Event "Titled Tuesday Blitz March 22 Early 2022"]
[White "Rudykh, Stepan"]
[Black "Avazkhonov, Alikhon"]
[WhiteFideId "4180321"]
[BlackFideId "14208504"]
[WhiteElo "2130"]
[BlackElo "1739"]
[Result "0-1"]
[Round "06"]
[TimeControl "180+1"]
[Date "2022.03.22"]
[WhiteClock "0:01:04"]
[BlackClock "0:00:36"]

1. e4 c5 2. Nf3 d6 3. d4 cxd4 4. Nxd4 Nf6 5. Nc3 a6 6. Be3 e5 7. Nb3 Be6 8. h3 h5 9. Qf3 Nbd7 10. O-O-O b5 11. Nd5 Bxd5 12. exd5 g6 13. g4 hxg4 14. hxg4 Rxh1 15. Qxh1 Nxg4 16. Be2 Nxe3 17. fxe3 Qg5 18. Qh3 Bh6 19. Rh1 Qxe3+ 20. Kb1 Qxh3 21. Rxh3 Bf4 22. Rh8+ Nf8 23. Na5 f5 24. Nb7 Ke7 25. a4 bxa4 26. c4 Bd2 27. Bd1 Rb8 28. Kc2 Bb4 0-1


[Site "https://www.chess.com"]

[Event "Titled Tuesday Blitz March 22 Early 2022"]
[White "Ruge, Edison"]
[Black "Rastbod, Ali"]
[WhiteFideId "4401000"]
[BlackFideId "12567477"]
[WhiteElo "2175"]
[BlackElo "2200"]
[Result "0-1"]
[Round "06"]
[TimeControl "180+1"]
[Date "2022.03.22"]
[WhiteClock "0:00:02"]
[BlackClock "0:00:12"]

1. e4 e6 2. d3 d5 3. Nd2 Nf6 4. Ngf3 Nc6 5. e5 Nd7 6. d4 f6 7. Bb5 a6 8. Bxc6 bxc6 9. exf6 Qxf6 10. O-O Bd6 11. Qe2 O-O 12. Re1 Nb6 13. Nf1 c5 14. c3 cxd4 15. cxd4 c5 16. Be3 c4 17. Bg5 Qf7 18. Bh4 h6 19. Bg3 Bxg3 20. Nxg3 Rb8 21. Ne5 Qf6 22. Nc6 Rb7 23. Rac1 Rc7 24. Ne5 Re8 25. Rc3 Bd7 26. Nh5 Qd8 27. Rg3 Bb5 28. Qe3 Kh7 29. Rg6 Rf8 30. Nxg7 Qh4 31. Nxe6 Re8 32. Nxc7 Rxe5 33. Rxh6+ Qxh6 34. Qxh6+ Kxh6 35. Rxe5 Na4 36. Nxb5 axb5 37. Rxd5 b4 38. Rd6+ Kg5 39. Rc6 Nxb2 40. d5 Kf5 41. h4 c3 42. h5 Nd3 43. h6 Ne5 0-1


[Site "https://www.chess.com"]

[Event "Titled Tuesday Blitz March 22 Early 2022"]
[White "Sadovsky, Artem"]
[Black "Vishnu, Prasanna. V"]
[WhiteFideId "4155840"]
[BlackFideId "5030692"]
[WhiteElo "2314"]
[BlackElo "2510"]
[Result "0-1"]
[Round "06"]
[TimeControl "180+1"]
[Date "2022.03.22"]
[WhiteClock "0:00:11"]
[BlackClock "0:01:41"]

1. Nf3 Nf6 2. e3 c5 3. c4 e6 4. b3 Nc6 5. Bb2 Be7 6. Be2 O-O 7. O-O b6 8. d4 cxd4 9. Nxd4 Nxd4 10. Bxd4 Bb7 11. Bf3 Bxf3 12. Qxf3 Qb8 13. Nd2 b5 14. Rac1 Rc8 15. Rfd1 bxc4 16. Nxc4 d5 17. Ne5 Qb5 18. g4 Qe8 19. Rxc8 Rxc8 20. Bxa7 Ne4 21. Bd4 Rc2 22. Nd3 Rxa2 23. b4 h6 24. Nc1 Rxf2 25. Qxf2 Nxf2 26. Kxf2 Bxb4 27. Nd3 Bd6 28. Be5 Qb8 29. Bxd6 Qxd6 30. Kg2 Qc6 31. Rc1 Qa8 32. Nc5 Qa2+ 33. Kg3 Qe2 34. e4 Qe3+ 0-1


[Site "https://www.chess.com"]

[Event "Titled Tuesday Blitz March 22 Early 2022"]
[White "Samaganova, Aleksandra"]
[Black "Dwilewicz, Katarzyna"]
[WhiteFideId "13800221"]
[BlackFideId "1148486"]
[WhiteElo "1859"]
[BlackElo "1907"]
[Result "1-0"]
[Round "06"]
[TimeControl "180+1"]
[Date "2022.03.22"]
[WhiteClock "0:00:03"]
[BlackClock "0:00:04"]

1. c4 b6 2. Nf3 Bb7 3. e3 g6 4. Nc3 Bg7 5. Be2 e6 6. O-O Ne7 7. d4 O-O 8. b3 d6 9. Bb2 Nd7 10. Nd2 h6 11. Bf3 Bxf3 12. Nxf3 c5 13. Ne2 cxd4 14. Bxd4 Nc5 15. Bxg7 Kxg7 16. Qd4+ e5 17. Qb2 Qc7 18. Rfd1 Kh7 19. Nc3 Rad8 20. Nd5 Nxd5 21. Rxd5 f5 22. Rad1 a6 23. Qd2 Ne4 24. Qb2 Rfe8 25. h3 b5 26. Rc1 b4 27. a3 Nc3 28. Rd2 a5 29. axb4 axb4 30. Ra1 Ra8 31. Rc2 Qb7 32. Rcc1 Qe4 33. Rxa8 Rxa8 34. Ra1 Rxa1+ 35. Qxa1 Qb1+ 36. Qxb1 Nxb1 37. Kf1 e4 38. Nd4 Nd2+ 39. Ke1 Nb1 40. Nc6 Kg7 41. Nxb4 Kf6 42. Nd5+ Ke5 43. Kd1 Na3 44. Kd2 g5 45. Kc1 f4 46. Kb2 Nb5 47. cxb5 Kxd5 48. Kc3 Kc5 49. b6 Kxb6 50. Kd4 f3 51. gxf3 exf3 52. Ke4 Kb5 53. Kxf3 Kb4 54. Ke4 Kxb3 55. Kd5 Kc3 56. e4 Kd3 57. f3 Ke3 58. Kxd6 Kxf3 59. e5 Kg3 60. e6 g4 61. e7 gxh3 62. e8=Q h2 63. Qe4 h5 64. Qh1 h4 65. Ke5 Kh3 66. Ke4 Kg3 67. Ke3 Kh3 68. Kf2 Kg4 69. Qxh2 h3 70. Ke3 Kf5 71. Kf3 1-0


[Site "https://www.chess.com"]

[Event "Titled Tuesday Blitz March 22 Early 2022"]
[White "Sanal, Vahap"]
[Black "Bryakin, Mikhail"]
[WhiteFideId "6300545"]
[BlackFideId "4165314"]
[WhiteElo "2603"]
[BlackElo "2417"]
[Result "1/2-1/2"]
[Round "06"]
[TimeControl "180+1"]
[Date "2022.03.22"]
[WhiteClock "0:00:06"]
[BlackClock "0:00:06"]

1. d4 Nf6 2. Nf3 b6 3. Bf4 Bb7 4. e3 d6 5. Be2 g6 6. O-O Bg7 7. h3 O-O 8. Nbd2 Nbd7 9. Bh2 c5 10. c3 a6 11. a4 Bc6 12. Re1 b5 13. axb5 axb5 14. Bf1 Rxa1 15. Qxa1 Qa8 16. Qxa8 Rxa8 17. e4 Ne8 18. d5 Bb7 19. Bxb5 Nb6 20. Bxe8 Rxe8 21. Ra1 Ra8 22. Rxa8+ Bxa8 23. Kf1 Bb7 24. Ke1 Na4 25. Nc4 Ba6 26. Nfd2 Bh6 27. f4 g5 28. g3 gxf4 29. gxf4 f5 30. exf5 Kf7 31. Kd1 Bc8 32. Kc2 Bxf5+ 33. Kb3 Bd7 34. Kc2 Bg7 35. Kb3 Kg6 36. Nf1 Bxh3 37. Nfe3 Bd7 38. Bg3 h5 39. Bh4 Bf6 40. f5+ Kf7 41. Bg3 h4 42. Bf4 h3 43. Ng4 Bb5 44. Nge3 Bd7 45. Ng4 Bb5 46. Na3 Bd7 47. Ne3 Nb6 48. Kc2 Bc8 49. Kd3 Ba6+ 50. Kd2 Na4 51. Nac4 Bb5 52. Ke1 Bxc3+ 53. bxc3 Nxc3 54. Kf2 Bxc4 55. Nxc4 Nxd5 56. Bg5 Nc7 57. Kg3 Nb5 58. Ne3 Nd4 59. Kxh3 c4 60. Kg4 c3 61. Nc4 d5 62. Nb2 e6 63. Nd3 exf5+ 64. Kf4 c2 65. Ke5 Nb3 66. Kxf5 c1=Q 67. Nxc1 Nxc1 68. Bxc1 d4 69. Ke4 d3 70. Kxd3 1/2-1/2


[Site "https://www.chess.com"]

[Event "Titled Tuesday Blitz March 22 Early 2022"]
[White "Sanchez Alvares, Kelvin Antonio"]
[Black "Shuvalov, Evgenij"]
[WhiteFideId "3906680"]
[BlackFideId "4187237"]
[WhiteElo "2193"]
[BlackElo "2151"]
[Result "0-1"]
[Round "06"]
[TimeControl "180+1"]
[Date "2022.03.22"]
[WhiteClock "0:01:18"]
[BlackClock "0:00:54"]

1. d4 Nf6 2. c4 g6 3. f3 d5 4. cxd5 Nxd5 5. e4 Nb6 6. Be3 Bg7 7. Nc3 O-O 8. h4 h5 9. Qd2 Nc6 10. O-O-O Na5 11. Bh6 Nac4 12. Qf4 Qd6 13. e5 Qb4 14. Bxc4 Nxc4 15. Rd2 Nxd2 16. Qxd2 Bxh6 17. Qxh6 Qxd4 18. Nge2 Qxe5 19. Ne4 Bf5 20. N2g3 Bxe4 21. Nxe4 Rfd8 22. g4 Qg7 23. Qf4 Rd5 24. gxh5 Rxh5 25. Rg1 Qh6 26. Ng5 Rf8 27. Qc4 Rxh4 28. f4 e5 29. Kb1 Rxf4 30. Qxc7 Rf5 31. Ne4 Qe3 0-1


[Site "https://www.chess.com"]

[Event "Titled Tuesday Blitz March 22 Early 2022"]
[White "Santos Flores, Alberto"]
[Black "Iskusnyh, Sergei"]
[WhiteFideId "3601234"]
[BlackFideId "4120027"]
[WhiteElo "2235"]
[BlackElo "2492"]
[Result "0-1"]
[Round "06"]
[TimeControl "180+1"]
[Date "2022.03.22"]
[WhiteClock "0:00:18"]
[BlackClock "0:00:56"]

1. e4 e6 2. d4 d5 3. Nc3 Nf6 4. e5 Nfd7 5. Nce2 c5 6. c3 Nc6 7. Nf3 Qa5 8. a3 Nxd4 9. Nexd4 cxd4 10. b4 Qb6 11. cxd4 Nb8 12. Be3 Bd7 13. Bd3 Bb5 14. O-O Nc6 15. Rc1 Be7 16. h4 h6 17. Re1 Bxd3 18. Qxd3 a6 19. Nd2 Bxh4 20. Nb3 Be7 21. Nc5 Bxc5 22. bxc5 Qc7 23. Rb1 O-O 24. f4 f5 25. Rb6 Rf7 26. Reb1 Qc8 27. Bd2 Rc7 28. Bc3 Qd7 29. Qd2 Rf8 30. Qb2 Rf7 31. Kf2 Qd8 32. g3 Kh7 33. Qc2 g5 34. Rh1 gxf4 35. gxf4 Rg7 36. Rbb1 Rg4 37. Qd2 Rcg7 38. Rbg1 Rxg1 39. Rxg1 Qh4+ 40. Kf1 Qh3+ 41. Kf2 Qh2+ 42. Kf1 Rxg1# 0-1


[Site "https://www.chess.com"]

[Event "Titled Tuesday Blitz March 22 Early 2022"]
[White "Sarana, Alexey"]
[Black "Nepomniachtchi, Ian"]
[WhiteFideId "24133795"]
[BlackFideId "4168119"]
[WhiteElo "2666"]
[BlackElo "2740"]
[Result "0-1"]
[Round "06"]
[TimeControl "180+1"]
[Date "2022.03.22"]
[WhiteClock "0:00:43"]
[BlackClock "0:01:03"]

1. d4 Nf6 2. c4 e6 3. Nc3 Bb4 4. Qc2 O-O 5. a3 Bxc3+ 6. Qxc3 d5 7. Bg5 b6 8. cxd5 exd5 9. e3 Bf5 10. Ne2 h6 11. Bxf6 Qxf6 12. Nf4 Qd6 13. Be2 Nd7 14. O-O c5 15. dxc5 bxc5 16. Bf3 d4 17. Qa5 Rab8 18. Qxa7 Ne5 19. Bd5 g5 20. Nh5 Bg6 21. exd4 Bxh5 22. dxe5 Qxd5 23. Rac1 Rfc8 24. b4 cxb4 25. axb4 Qxe5 26. Rc5 Qf4 27. Qa6 Rxc5 28. bxc5 Bg6 29. h3 Rb2 30. Qa8+ Kh7 31. c6 Rc2 32. Qe8 Bd3 0-1


[Site "https://www.chess.com"]

[Event "Titled Tuesday Blitz March 22 Early 2022"]
[White "Sargsyan, Anna M."]
[Black "Neiksans, Arturs"]
[WhiteFideId "13308130"]
[BlackFideId "11601388"]
[WhiteElo "2271"]
[BlackElo "2447"]
[Result "0-1"]
[Round "06"]
[TimeControl "180+1"]
[Date "2022.03.22"]
[WhiteClock "0:00:09"]
[BlackClock "0:01:03"]

1. d4 f5 2. c4 Nf6 3. Nc3 e6 4. Bg5 Bb4 5. Qc2 O-O 6. O-O-O Bxc3 7. Qxc3 Ne4 8. Bxd8 Nxc3 9. bxc3 Rxd8 10. c5 b6 11. cxb6 axb6 12. Kb2 Bb7 13. e3 Nc6 14. Nh3 Na5 15. c4 Ra7 16. Rg1 Rda8 17. Be2 Nb3 18. axb3 Ra2+ 19. Kc3 Rxe2 20. Rd2 Rxd2 21. Kxd2 Ra2+ 22. Kc3 h6 23. g4 Bf3 24. gxf5 exf5 25. d5 Kf7 26. Rg3 Bd1 27. b4 g5 28. Rg1 Bg4 29. Rg3 Bxh3 30. Rxh3 Kg6 31. f3 h5 32. Kd4 g4 33. fxg4 fxg4 34. Rg3 Rxh2 35. c5 bxc5+ 36. bxc5 Kg5 37. Ke5 h4 38. Rg1 Re2 39. e4 h3 40. Rf1 g3 41. Rf8 h2 42. Rg8+ Kh4 43. Kf4 Rf2+ 0-1


[Site "https://www.chess.com"]